 Dungeon Crawl Stone Soup version 0.17.0-57-g0e89251 (webtiles) character file.

52 PossumBlood the Covered (level 4, -3/35 HPs)
             Began as a Human Fighter on Dec 7, 2015.
             Killed by nerve-wracking pain
             ... invoked by Jessica
              (14 damage)
             ... on level 2 of the Dungeon.
             The game lasted 00:02:45 (1543 turns).

PossumBlood the Covered (Human Fighter)             Turns: 1543, Time: 00:02:47

Health: -3/35      AC:  6    Str: 17    XL:     4   Next: 8%
Magic:  4/4        EV:  7    Int:  8    God:
Gold:   106        SH:  9    Dex: 13    Spells: 0 memorised, 3 levels left

rFire  . . .     SeeInvis .     a - +0 long sword
rCold  . . .     Clarity  .     b - +0 scale mail
rNeg   . . .     SustAt   .     c - +0 shield
rPois  .         Gourm    .     (no helmet)
rElec  .         Spirit   .     (no cloak)
rCorr  .         Warding  .     (no gloves)
rMut   .         Stasis   .     (no boots)
MR     .....                    (no amulet)
Stlth  ..........               (no ring)
                                (no ring)

@: not resistant to hostile enchantments, extremely unstealthy
A: no striking features
a: no special abilities


You were on level 2 of the Dungeon.
You were not hungry.

You visited 1 branch of the dungeon, and saw 2 of its levels.

You collected 106 gold pieces.

Inventory:

Hand Weapons
 a - a +0 long sword (weapon)
 k - a +1 war axe of electrocution
Armour
 b - a +0 scale mail (worn)
 c - a +0 shield (worn)
Jewellery
 o - a cursed amulet of inaccuracy {unknown}
Wands
 r - a wand of polymorph (12)
Scrolls
 j - 3 scrolls of remove curse
 l - 2 scrolls of teleportation
 q - 3 scrolls of recharging {unknown}
Potions
 d - a potion of might
 h - a potion of heal wounds {unknown}
 i - a potion of flight {unknown}
 m - a potion of haste {unknown}
 n - a potion of curing {unknown}
 p - a potion of resistance {unknown}
 s - a potion of magic {unknown}
Comestibles
 e - 2 bread rations
 f - 2 fruits
 g - 2 meat rations


   Skills:
 + Level 3.5 Fighting
 * Level 2.5 Long Blades
 + Level 3.5 Armour
 + Level 3.3 Shields


You had 3 spell levels left.
You didn't know any spells.

Dungeon Overview and Level Annotations

Branches:
Dungeon (2/15)

Altars:

Annotations:
D:2 Jessica


Message History

You closely miss Jessica.
Jessica is heavily wounded.
Jessica gestures at you while chanting. Pain shoots through your body!
The rat bites you but does no damage.
Jessica gestures wildly while chanting.
Jessica blinks!
You hit the rat.
The rat is severely wounded.
The rat bites you but does no damage. The rat bites you.
You hit the rat.
You kill the rat!
Jessica casts a spell at you. Pain shoots through your body!
You hit Jessica but do no damage.
Jessica is heavily wounded.
Jessica casts a spell at you. Pain shoots through your body!
Jessica points at you and mumbles some strange words.
Pain shoots through your body!
You die...

#.......#
#....#**
#
#.......#
#.....,*
#
#.......#
##.....*
#######.#
#.....*
#.#
***+***
#.#
*,*****
#.#
*,,,,,,
###'####
*******
*#.[@...#
*,
#...@...#
*,
#.......#
*,
#.......#
**
#......(#
##......#
#......#
###+####
*,*


You could see Jessica.

Vanquished Creatures
  2 adders (D:2)
  A worm (D:2)
  A bat (D:1)
  3 giant cockroaches (D:1)
  2 goblins (D:1)
  7 hobgoblins
  5 kobolds
  5 giant newts
  3 jackals (D:1)
  3 rats
32 creatures vanquished.

Notes
Turn   | Place    | Note
--------------------------------------------------------------
     0 | D:1      | PossumBlood the Human Fighter began the quest for the Orb.
     0 | D:1      | Reached XP level 1. HP: 18/18 MP: 1/1
     2 | D:1      | Noticed a merfolk
     2 | D:1      | Noticed a minotaur
     4 | D:1      | Noticed a ghoul
     4 | D:1      | Noticed a dwarf
     6 | D:1      | Noticed a formicid
     6 | D:1      | Noticed a felid
     8 | D:1      | Noticed a centaur
     8 | D:1      | Noticed a human
    10 | D:1      | Noticed a vine stalker
    10 | D:1      | Noticed a gargoyle
    12 | D:1      | Noticed a naga
    12 | D:1      | Noticed an elf
    14 | D:1      | Noticed a troll
    16 | D:1      | Noticed a demonspawn
    16 | D:1      | Noticed an ogre
    18 | D:1      | Noticed a spriggan
    20 | D:1      | Noticed a tengu
    22 | D:1      | Noticed a demigod
    22 | D:1      | Noticed an octopode
    24 | D:1      | Noticed a draconian
    26 | D:1      | Noticed a vampire
   143 | D:1      | Reached XP level 2. HP: 13/24 MP: 2/2
  1113 | D:2      | Reached XP level 3. HP: 20/29 MP: 3/3
  1381 | D:2      | Reached XP level 4. HP: 27/35 MP: 4/4
  1530 | D:2      | Noticed Jessica
  1543 | D:2      | Killed from afar by Jessica

Action                   |  1- 3 |  4- 6 || total
-------------------------+-------+-------++-------
Melee: Long sword        |    88 |    24 ||   112
  Use: Scroll            |     4 |       ||     4
  Eat: Fruit             |     2 |       ||     2
